 Dungeon Crawl Stone Soup version 0.29-a0-845-g6161e89988 (webtiles) character file.

Game seed: 14827700780613880859

4 buhh the Insei (level 1, 0/16 HPs)
             Began as a Meteoran Transmuter on July 16, 2022.
             Slain by a frilled lizard (3 damage)
             ... on level 2 of the Dungeon.
             The game lasted 00:00:42 (100 turns).

buhh the Insei (Meteoran Transmuter)                 Turns: 100, Time: 00:00:43

Health: 0/16       AC:  2    Str: 11    XL:     1   Next: 85%
Magic:  5/5        EV: 12    Int: 14    God:
Gold:   5          SH:  0    Dex: 14    Spells: 4/5 levels left

rFire   . . .      SeeInvis .     - Unarmed
rCold   . . .      Faith    .   (no shield)
rNeg    . . .      Spirit   .   a - +0 robe
rPois   .          Reflect  .   (no helmet)
rElec   .          Harm     .   (no cloak)
rCorr   .          Rampage  .   (no gloves)
Will    .....                   (no boots)
Stlth   +.........              (no amulet)
HPRegen 0.05/turn               (no ring)
MPRegen 0.09/turn               (no ring)

@: glowing
A: sense surroundings 1, otherworldly, glowing, explore regen
a: no special abilities


You were on level 2 of the Dungeon.
You visited 1 branch of the dungeon, and saw 2 of its levels.

You collected 5 gold pieces.

Inventory:

Armour
 a - a +0 robe (worn)
Scrolls
 b - a scroll of identify {unknown}
Potions
 n - a potion of lignification {!d}


   Skills:
 * Level 1.3 Fighting
 - Level 2.4 Dodging
 * Level 3.7 Unarmed Combat
 - Level 2.7 Spellcasting
 * Level 2.5 Transmutations


You had 4 spell levels left.
You knew the following spells:

 Your Spells              Type           Power      Damage    Failure   Level
a - Beastly Appendage     Tmut           18%        N/A       8%          1

Your spell library contained the following spells:

 Spells                   Type           Power      Damage    Failure   Level
 Wereblood                Tmut           9%         N/A       12%         2
 Necrotise                Necr           4%         1d4       22%         1
 Spider Form              Tmut/Pois      5%         N/A       36%         3
 Vampiric Draining        Necr           1%         2d6       54%         3
 Ice Form                 Ice/Tmut       5%         N/A       78%         4
 Agony                    Necr           1%         N/A       99%         5


Dungeon Overview and Level Annotations

Branches:
Dungeon (2/15) Zot: 1099

Altars:

Shops:
D:2 *


Innate Abilities, Weirdness & Mutations

You passively map a small area around you.
You are easily found by Zot.
You glow in the dark.
You regain HP and MP as you explore.


Message History

You barely miss the worm. Your kick misses the worm.
Your headbutt misses the worm. The frilled lizard bites you.
You hit the worm. You claw the worm, but do no damage.
The worm is moderately wounded.
The frilled lizard bites you. The worm bites you.
You barely miss the worm. You claw the worm, but do no damage.
Your headbutt misses the worm.
The worm is lightly wounded.
The frilled lizard bites you.
You hit the worm. Your kick misses the worm.
The worm is moderately wounded.
The frilled lizard bites you but does no damage.
The worm closely misses you.
You hit the worm. You claw the worm.
The worm is heavily wounded.
Your transformation is almost over.
The frilled lizard barely misses you.
The frilled lizard attacks as you move away!
The frilled lizard misses you.
Found Noblorphech's Assorted Antiques.
A kobold comes into view. It is wielding a +0 club.
A kobold and 2 gnolls come into view.
The kobold shouts!
The gnoll shouts! x2
The kobold throws a stone.
The stone hits you but does no damage.
The frilled lizard attacks as you move away!
The frilled lizard barely misses you.
The frilled lizard attacks as you move away!
The frilled lizard misses you.
The frilled lizard attacks as you move away!
The frilled lizard bites you.
Found a stone staircase leading down.
The frilled lizard attacks as you move away!
The frilled lizard bites you.
Your horns disappear.
Your talons disappear.
The frilled lizard attacks as you move away!
The frilled lizard bites you. The frilled lizard bites you.
* * * LOW HITPOINT WARNING * * *
There is a stone staircase leading up, spattered with blood here.
The frilled lizard bites you.
You die...

, , , ** *,..
#$.......... #..
,..........# *#..
#.........#
,,,#.##....#...## ,
#............# ,
#........##.!#
#...........# , ,
*#.@.......# , .[
#g♣l......# *
....####..#..#####
....gK.g♣K♣w.#####
,
...K...K.........#*
....###..♣#....#...
### ########.....
*##..> *...


You could see a worm, 2 gnolls, a kobold and a frilled lizard.

Vanquished Creatures
  A dart slug (D:2)
  A goblin (D:1)
2 creatures vanquished.

Notes
Turn   | Place    | Note
-------+----------+-------------------------------------------
     0 | D:1      | buhh the Meteoran Transmuter began the quest for the Orb.
     0 | D:1      | Reached XP level 1. HP: 16/16 MP: 5/5
    89 | D:2      | Found Noblorphech's Assorted Antiques.
   100 | D:2      | Slain by a frilled lizard

Illustrated notes

Levels and vault maps discovered:
D:1:      dpeg_arrival_tiny_i, layout_loops_ring, st_stairs_7, minivault_24,
          corner_web_ring
D:2:      layout_rooms, serial_shops, nicolae_shop_trees

Action                   || total
-------------------------++-------
Melee: Unarmed           ||     9
       Kick              ||     5
       Headbutt          ||     1
 Cast: Beastly Appendage ||     2
Armor: Robe              ||     2
Dodge: Dodged            ||     7

Table legend: (Time is in decaauts)
 A = Elapsed time spent in this place.
 B = Non-inter-level travel time spent in this place.
 C = Inter-level travel time spent in this place.
 D = Time resting spent in this place.
 E = Time spent auto-exploring this place.
 F = Levels seen in this place.
 G = Mean time per level.
                   A        B        C        D        E       F      G
               +--------+--------+--------+--------+--------+-----+--------+
         Total |     99 |     99 |      0 |      0 |      0 |   2 |   49.5 |
       Dungeon |     99 |     99 |      0 |      0 |      0 |   2 |   49.5 |
               +--------+--------+--------+--------+--------+-----+--------+

Top non-repeatable levels by time:
     D:1: 75 daAuts
     D:2: 23 daAuts
